3228 views
Uploaded 2020-01-31 02:27:36
Game version 1.32 / 1.32.1
30:27 long 4on4 ladder game on (8)Sanctuary_LV
Saved by ChuckleMan
3228 views
Uploaded 2020-01-31 02:27:36
Game version 1.32 / 1.32.1
30:27 long 4on4 ladder game on (8)Sanctuary_LV


194 units @ 27.9k
/ 3.5k
222 buildings @ 23.8k
/ 13k



| Potion of Mana | 1 | 200 |
| Scroll of Town Portal | 6 | 2100 |
| Boots of Speed | 3 | 750 |
| Healing Salve | 2 | 200 |
| Orb of Lightning | 2 | 750 |
| Tiny Great Hall | 2 | 1200 |
| Scroll of Speed | 1 | 50 |
| Staff of Sanctuary | 1 | 250 |
| Scroll of Regeneration | 2 | 200 |
| total: | 20 | 5700g |
| Wisp | 18 | 1080 | / | 0 |
| Druid of the Talon | 1 | 145 | / | 20 |
| Chimaera | 7 | 2310 | / | 490 |
| Goblin Shredder | 1 | 375 | / | 100 |
| Goblin Zeppelin | 1 | 240 | / | 60 |
| total: | 28 | 4150g | / | 670w |
| Altar of Elders | 1 | 180 | / | 50 |
| Moon Well | 7 | 1260 | / | 280 |
| Hunter's Hall | 1 | 210 | / | 100 |
| Tree of Life | 1 | 340 | / | 185 |
| Ancient of Wonders | 2 | 180 | / | 60 |
| Ancient of Wind | 1 | 150 | / | 140 |
| Chimaera Roost | 7 | 980 | / | 1330 |
| Tree of Ages | 2 | 640 | / | 360 |
| Tree of Eternity | 1 | 330 | / | 200 |
| Great Hall | 2 | 770 | / | 370 |
| total: | 22 | 4070g | / | 2515w |
| 0:02 | Wisp |
| 0:03 | Wisp |
| 0:06 | Altar of Elders |
| 0:10 | Moon Well |
| 0:12 | Wisp |
| 0:33 | Wisp |
| 0:42 | Wisp |
| 0:55 | Moon Well |
| 0:59 | Wisp |
| 1:16 | Wisp |
| 1:28 | Wisp |
| 1:28 | Wisp |
| 1:50 | Wisp |
| 2:08 | Entangling Roots |
| 2:10 | Wisp |
| 2:10 | Wisp |
| 2:17 | Hunter's Hall |
| 2:51 | Tree of Ages |
| 3:46 | Tree of Life |
| 4:08 | Ultravision |
| 4:12 | Moon Well |
| 4:12 | Moon Well |
| 4:57 | Strength of the Wild |
| 5:01 | Thorns Aura |
| 5:14 | Ancient of Wind |
| 5:15 | Tree of Eternity |
| 5:37 | Goblin Shredder |
| 6:10 | Improved Strength of the Wild |
| 6:27 | Druid of the Talon |
| 6:35 | Healing Salve |
| 7:31 | Trueshot Aura |
| 7:53 | Black Arrow |
| 8:09 | Advanced Strength of the Wild |
| 8:10 | Well Spring |
| 8:12 | Chimaera Roost |
| 8:13 | Chimaera Roost |
| 8:13 | Chimaera Roost |
| 8:15 | Chimaera Roost |
| 8:52 | Wisp |
| 8:52 | Wisp |
| 9:50 | Chimaera |
| 9:54 | Moon Well |
| 9:54 | Moon Well |
| 10:04 | Ancient of Wonders |
| 10:14 | Corrosive Breath |
| 10:21 | Potion of Mana |
| 10:21 | Orb of Lightning |
| 10:28 | Scroll of Town Portal |
| 10:29 | Tiny Great Hall |
| 10:38 | Healing Salve |
| 10:38 | Scroll of Speed |
| 10:45 | Reinforced Hides |
| 11:28 | Wisp |
| 11:28 | Wisp |
| 11:28 | Wisp |
| 11:28 | Wisp |
| 11:42 | Entangling Roots |
| 11:44 | Chimaera |
| 11:56 | Silence |
| 12:10 | Nature's Blessing |
| 12:11 | Improved Reinforced Hides |
| 12:16 | Scout |
| 12:21 | Boots of Speed |
| 12:32 | Boots of Speed |
| 13:33 | Chimaera |
| 13:59 | Scroll of Town Portal |
| 14:00 | Scroll of Town Portal |
| 14:54 | Thorns Aura |
| 14:55 | Silence |
| 15:07 | Chimaera |
| 15:14 | Black Arrow |
| 15:31 | Chimaera |
| 17:03 | Trueshot Aura |
| 17:06 | Entangling Roots |
| 17:19 | Advanced Reinforced Hides |
| 18:38 | Staff of Sanctuary |
| 18:41 | Scroll of Regeneration |
| 18:41 | Scroll of Regeneration |
| 19:02 | Moon Well |
| 20:15 | Scroll of Town Portal |
| 20:15 | Scroll of Town Portal |
| 20:18 | Orb of Lightning |
| 20:18 | Tiny Great Hall |
| 20:48 | Scout |
| 21:09 | Silence |
| 23:16 | Chimaera |
| 23:24 | Ancient of Wonders |
| 23:38 | Goblin Zeppelin |
| 23:53 | Scroll of Town Portal |
| 23:54 | Boots of Speed |
| 24:59 | Tranquility |
| 25:05 | Tree of Ages |
| 26:02 | Chimaera Roost |
| 26:03 | Chimaera Roost |
| 26:41 | Chimaera |
| 27:04 | Charm |
| 27:28 | Chimaera Roost |
| 27:52 | Trueshot Aura |
| 28:05 | Great Hall |
| 28:25 | Great Hall |
| 29:25 | Thorns Aura |
| 29:33 | Starfall |
| Right click | 1358 |
| Select group | 790 |
| Select | 256 |
| Build/train/purchase | 113 |
| Use ability | 74 |
| Misc. action | 71 |
| Resource trade | 40 |
| Assign group | 38 |
| Item give/drop | 10 |
| Esc | 5 |

| Healing Salve | 3 | 300 |
| Lesser Clarity Potion | 5 | 350 |
| Orb of Lightning | 1 | 375 |
| Scroll of Town Portal | 1 | 350 |
| Boots of Speed | 1 | 250 |
| Staff of Teleportation | 1 | 150 |
| Potion of Lesser Invulnerability | 1 | 150 |
| total: | 13 | 1925g |
| Peon | 12 | 900 | / | 0 |
| Wind Rider | 13 | 3445 | / | 520 |
| Goblin Shredder | 1 | 375 | / | 100 |
| total: | 26 | 4720g | / | 620w |
| Watch Tower | 47 | 5170 | / | 3760 |
| Orc Burrow | 10 | 1600 | / | 400 |
| Altar of Storms | 2 | 360 | / | 100 |
| Voodoo Lounge | 3 | 390 | / | 90 |
| War Mill | 2 | 410 | / | 0 |
| Great Hall | 3 | 1155 | / | 555 |
| Beastiary | 3 | 435 | / | 420 |
| Stronghold | 1 | 315 | / | 190 |
| Fortress | 1 | 325 | / | 190 |
| total: | 70 | 9520g | / | 5325w |
| 0:02 | Peon |
| 0:03 | Peon |
| 0:06 | Orc Burrow |
| 0:12 | Altar of Storms |
| 0:30 | Peon |
| 0:41 | Voodoo Lounge |
| 0:47 | Voodoo Lounge |
| 0:49 | Peon |
| 1:02 | Peon |
| 1:20 | War Mill |
| 1:30 | Peon |
| 1:47 | Peon |
| 2:00 | Orc Burrow |
| 2:05 | Peon |
| 2:11 | Healing Salve |
| 2:11 | Lesser Clarity Potion |
| 2:14 | Lesser Clarity Potion |
| 2:17 | Wind Walk |
| 2:38 | Peon |
| 3:23 | Lesser Clarity Potion |
| 4:33 | Critical Strike |
| 4:38 | Stronghold |
| 5:21 | Healing Salve |
| 5:21 | Lesser Clarity Potion |
| 6:15 | Goblin Shredder |
| 6:33 | Steel Ranged Weapons |
| 6:36 | Orc Burrow |
| 6:45 | Orc Burrow |
| 7:18 | Fortress |
| 7:21 | Beastiary |
| 7:21 | Beastiary |
| 7:21 | Beastiary |
| 7:55 | Great Hall |
| 8:14 | Thorium Ranged Weapons |
| 8:18 | Orc Burrow |
| 8:19 | Orc Burrow |
| 8:20 | Orc Burrow |
| 8:26 | Orc Burrow |
| 8:43 | Wind Rider |
| 9:32 | Wind Walk |
| 10:12 | Envenomed Spears |
| 10:12 | Wind Rider |
| 10:50 | Boots of Speed |
| 10:50 | Staff of Teleportation |
| 11:02 | Liquid Fire |
| 13:28 | Critical Strike |
| 13:54 | Wind Rider |
| 13:54 | Wind Rider |
| 15:23 | Wind Rider |
| 15:29 | Orb of Lightning |
| 15:31 | Scroll of Town Portal |
| 15:43 | Arcanite Ranged Weapons |
| 16:07 | Wind Rider |
| 16:10 | Wind Rider |
| 16:12 | Wind Rider |
| 17:07 | Wind Walk |
| 17:29 | Steel Armor |
| 17:35 | Watch Tower |
| 17:35 | Watch Tower |
| 17:35 | Watch Tower |
| 17:41 | Watch Tower |
| 19:06 | Watch Tower |
| 19:06 | Watch Tower |
| 19:07 | Watch Tower |
| 19:08 | Watch Tower |
| 20:22 | Watch Tower |
| 20:22 | Watch Tower |
| 20:25 | Reinforced Defenses |
| 20:34 | Wind Rider |
| 21:02 | Watch Tower |
| 21:04 | Watch Tower |
| 21:08 | Watch Tower |
| 21:11 | Watch Tower |
| 21:11 | Watch Tower |
| 21:13 | Watch Tower |
| 21:13 | Watch Tower |
| 21:17 | Watch Tower |
| 21:18 | Watch Tower |
| 21:18 | Watch Tower |
| 21:19 | Watch Tower |
| 21:29 | Wind Rider |
| 21:33 | Wind Rider |
| 21:35 | Wind Rider |
| 22:21 | Watch Tower |
| 22:24 | Watch Tower |
| 22:32 | Watch Tower |
| 22:35 | Watch Tower |
| 23:30 | Wind Rider |
| 23:34 | Lesser Clarity Potion |
| 23:58 | Bladestorm |
| 24:05 | Peon |
| 24:06 | Peon |
| 24:06 | Peon |
| 24:08 | Watch Tower |
| 24:09 | Watch Tower |
| 24:09 | Watch Tower |
| 24:10 | Watch Tower |
| 24:10 | Watch Tower |
| 24:21 | Potion of Lesser Invulnerability |
| 24:53 | Watch Tower |
| 24:57 | Watch Tower |
| 24:59 | Watch Tower |
| 24:59 | Watch Tower |
| 25:00 | Watch Tower |
| 25:28 | Critical Strike |
| 25:50 | Healing Salve |
| 26:29 | Watch Tower |
| 26:29 | Watch Tower |
| 26:30 | Watch Tower |
| 26:39 | Altar of Storms |
| 26:47 | Watch Tower |
| 26:48 | Watch Tower |
| 26:52 | Watch Tower |
| 27:47 | Great Hall |
| 27:55 | Watch Tower |
| 27:56 | Watch Tower |
| 27:57 | Watch Tower |
| 27:58 | Watch Tower |
| 28:06 | Watch Tower |
| 28:07 | Watch Tower |
| 28:23 | War Mill |
| 28:33 | Orc Burrow |
| 28:35 | Orc Burrow |
| 29:45 | Voodoo Lounge |
| 29:59 | Great Hall |
| Right click | 906 |
| Select | 336 |
| Select group | 194 |
| Build/train/purchase | 93 |
| Misc. action | 46 |
| Assign group | 18 |
| Use ability | 16 |
| Item give/drop | 6 |
| Remove unit | 2 |


| Scroll of Regeneration | 2 | 200 |
| Orb of Fire | 1 | 325 |
| Lesser Clarity Potion | 1 | 70 |
| Potion of Healing | 1 | 150 |
| Scroll of Town Portal | 3 | 1050 |
| total: | 8 | 1795g |
| Peasant | 14 | 1050 | / | 0 |
| Footman | 6 | 810 | / | 0 |
| Rifleman | 9 | 1845 | / | 270 |
| Mortar Team | 4 | 720 | / | 280 |
| Sorceress | 10 | 1550 | / | 200 |
| Dragonhawk Rider | 10 | 2000 | / | 300 |
| Knight | 3 | 735 | / | 180 |
| Siege Engine | 2 | 390 | / | 120 |
| Spell Breaker | 2 | 430 | / | 60 |
| Goblin Shredder | 1 | 375 | / | 100 |
| Forest Troll High Priest | 1 | 305 | / | 40 |
| Kobold Geomancer | 1 | 255 | / | 30 |
| total: | 63 | 10465g | / | 1580w |
| Scout Tower | 3 | 90 | / | 60 |
| Guard Tower | 2 | 140 | / | 100 |
| Altar of Kings | 1 | 180 | / | 50 |
| Farm | 12 | 960 | / | 240 |
| Barracks | 2 | 320 | / | 120 |
| Lumber Mill | 1 | 120 | / | 0 |
| Arcane Vault | 1 | 130 | / | 30 |
| Blacksmith | 2 | 280 | / | 120 |
| Town Hall | 2 | 770 | / | 410 |
| Workshop | 1 | 140 | / | 140 |
| Gryphon Aviary | 1 | 140 | / | 150 |
| Arcane Sanctum | 1 | 150 | / | 140 |
| Keep | 1 | 320 | / | 210 |
| Castle | 1 | 360 | / | 210 |
| total: | 27 | 3280g | / | 1460w |
| 0:06 | Altar of Kings |
| 0:08 | Farm |
| 0:10 | Peasant |
| 0:10 | Peasant |
| 0:48 | Peasant |
| 0:49 | Peasant |
| 0:54 | Farm |
| 1:21 | Barracks |
| 1:31 | Peasant |
| 1:31 | Peasant |
| 1:36 | Scout Tower |
| 2:12 | Lumber Mill |
| 2:17 | Peasant |
| 2:17 | Peasant |
| 2:19 | Peasant |
| 2:23 | Farm |
| 2:25 | Footman |
| 2:25 | Footman |
| 2:30 | Scout Tower |
| 2:51 | Summon Water Elemental |
| 2:53 | Footman |
| 2:58 | Guard Tower |
| 3:35 | Footman |
| 4:12 | Arcane Vault |
| 4:18 | Farm |
| 4:20 | Keep |
| 4:42 | Brilliance Aura |
| 5:01 | Blacksmith |
| 5:05 | Blacksmith |
| 5:22 | Scout Tower |
| 5:25 | Scroll of Regeneration |
| 5:34 | Footman |
| 5:34 | Footman |
| 6:50 | Peasant |
| 6:50 | Peasant |
| 6:50 | Peasant |
| 7:09 | Goblin Shredder |
| 7:22 | Castle |
| 7:28 | Farm |
| 7:30 | Guard Tower |
| 8:14 | Town Hall |
| 8:24 | Workshop |
| 8:27 | Rifleman |
| 8:27 | Rifleman |
| 8:30 | Barracks |
| 8:32 | Black Gunpowder |
| 8:33 | Studded Leather Armor |
| 8:36 | Improved Lumber Harvesting |
| 8:41 | Summon Water Elemental |
| 9:32 | Peasant |
| 9:35 | Mortar Team |
| 9:35 | Mortar Team |
| 9:38 | Farm |
| 9:41 | Rifleman |
| 9:41 | Rifleman |
| 9:46 | Refined Gunpowder |
| 10:12 | Brilliance Aura |
| 10:53 | Town Hall |
| 11:27 | Summon Bear |
| 12:00 | Forest Troll High Priest |
| 12:00 | Kobold Geomancer |
| 12:24 | Farm |
| 12:27 | Farm |
| 12:29 | Farm |
| 12:52 | Imbued Gunpowder |
| 12:53 | Reinforced Leather Armor |
| 13:04 | Scroll of Town Portal |
| 13:04 | Orb of Fire |
| 13:21 | Scroll of Regeneration |
| 13:42 | Gryphon Aviary |
| 13:46 | Arcane Sanctum |
| 13:50 | Farm |
| 14:47 | Summon Quilbeast |
| 15:13 | Rifleman |
| 15:14 | Rifleman |
| 15:19 | Sorceress Adept Training |
| 15:20 | Sorceress |
| 15:20 | Sorceress |
| 15:23 | Dragonhawk Rider |
| 15:23 | Dragonhawk Rider |
| 15:24 | Dragonhawk Rider |
| 15:24 | Dragonhawk Rider |
| 16:10 | Peasant |
| 16:15 | Cloud |
| 16:18 | Rifleman |
| 16:21 | Iron Plating |
| 16:27 | Fragmentation Shards |
| 16:27 | Mortar Team |
| 16:27 | Mortar Team |
| 17:08 | Scroll of Town Portal |
| 17:09 | Lesser Clarity Potion |
| 17:13 | Potion of Healing |
| 17:25 | Sorceress |
| 17:25 | Sorceress Master Training |
| 17:25 | Sorceress |
| 17:25 | Sorceress |
| 17:25 | Sorceress |
| 17:25 | Sorceress |
| 17:41 | Rifleman |
| 18:03 | Iron Forged Swords |
| 18:07 | Dragonhawk Rider |
| 18:08 | Dragonhawk Rider |
| 19:25 | Summon Water Elemental |
| 20:37 | Summon Hawk |
| 20:50 | Summon Hawk |
| 21:17 | Scroll of Town Portal |
| 21:30 | Rifleman |
| 21:38 | Knight |
| 21:38 | Knight |
| 21:39 | Sundering Blades |
| 21:41 | Sorceress |
| 21:41 | Sorceress |
| 21:42 | Sorceress |
| 21:43 | Dragonhawk Rider |
| 21:44 | Dragonhawk Rider |
| 21:44 | Dragonhawk Rider |
| 21:44 | Dragonhawk Rider |
| 21:49 | Barrage |
| 21:49 | Siege Engine |
| 21:49 | Siege Engine |
| 21:53 | Steel Forged Swords |
| 21:56 | Steel Plating |
| 22:15 | Knight |
| 22:15 | Animal War Training |
| 22:36 | Spell Breaker |
| 22:36 | Spell Breaker |
| 22:41 | Improved Masonry |
| 22:41 | Advanced Lumber Harvesting |
| 22:46 | Farm |
| 22:49 | Farm |
| 23:31 | Summon Bear |
| 25:26 | Mithril Forged Swords |
| 28:23 | Stampede |
| Right click | 597 |
| Select | 310 |
| Chat | 204 |
| Build/train/purchase | 162 |
| Select group | 92 |
| Use ability | 22 |
| Assign group | 16 |
| Minimap ping | 11 |
| Remove unit | 7 |
| Misc. action | 2 |
| Item give/drop | 2 |


| Orb of Fire | 2 | 650 |
| Potion of Mana | 3 | 600 |
| Potion of Healing | 5 | 750 |
| Scroll of Town Portal | 5 | 1750 |
| total: | 15 | 3750g |
| Peasant | 52 | 3900 | / | 0 |
| Footman | 8 | 1080 | / | 0 |
| Priest | 10 | 1350 | / | 100 |
| Knight | 3 | 735 | / | 180 |
| Goblin Shredder | 4 | 1500 | / | 400 |
| total: | 77 | 8565g | / | 680w |
| Scout Tower | 72 | 2160 | / | 1440 |
| Guard Tower | 46 | 3220 | / | 2300 |
| Farm | 11 | 880 | / | 220 |
| Altar of Kings | 1 | 180 | / | 50 |
| Barracks | 4 | 640 | / | 240 |
| Lumber Mill | 1 | 120 | / | 0 |
| Town Hall | 4 | 1540 | / | 820 |
| Blacksmith | 4 | 560 | / | 240 |
| Arcane Vault | 1 | 130 | / | 30 |
| Cannon Tower | 32 | 3840 | / | 3200 |
| Arcane Sanctum | 4 | 600 | / | 560 |
| Workshop | 1 | 140 | / | 140 |
| Keep | 1 | 320 | / | 210 |
| Castle | 2 | 720 | / | 420 |
| total: | 103 | 6950g | / | 3740w |
| 0:02 | Peasant |
| 0:03 | Peasant |
| 0:03 | Peasant |
| 0:19 | Farm |
| 0:29 | Peasant |
| 0:34 | Altar of Kings |
| 0:50 | Barracks |
| 0:51 | Peasant |
| 0:55 | Farm |
| 1:01 | Peasant |
| 1:12 | Lumber Mill |
| 1:15 | Peasant |
| 1:19 | Peasant |
| 1:45 | Farm |
| 1:47 | Peasant |
| 1:55 | Footman |
| 1:57 | Farm |
| 2:09 | Footman |
| 2:15 | Peasant |
| 2:15 | Peasant |
| 2:28 | Peasant |
| 2:39 | Footman |
| 2:41 | Holy Light |
| 2:46 | Peasant |
| 2:58 | Footman |
| 3:06 | Peasant |
| 3:16 | Peasant |
| 3:41 | Devotion Aura |
| 3:48 | Town Hall |
| 3:59 | Peasant |
| 4:12 | Peasant |
| 4:30 | Peasant |
| 4:45 | Footman |
| 4:46 | Peasant |
| 4:58 | Peasant |
| 5:12 | Peasant |
| 5:20 | Town Hall |
| 5:40 | Keep |
| 5:49 | Peasant |
| 5:49 | Peasant |
| 6:03 | Peasant |
| 6:04 | Peasant |
| 6:07 | Scout Tower |
| 6:10 | Defend |
| 6:22 | Peasant |
| 6:24 | Scout Tower |
| 6:28 | Holy Light |
| 6:37 | Guard Tower |
| 6:39 | Scout Tower |
| 6:40 | Scout Tower |
| 6:41 | Peasant |
| 6:41 | Peasant |
| 6:46 | Peasant |
| 6:47 | Peasant |
| 6:47 | Peasant |
| 6:57 | Footman |
| 7:08 | Improved Masonry |
| 7:08 | Advanced Masonry |
| 7:16 | Peasant |
| 7:18 | Scout Tower |
| 7:22 | Scout Tower |
| 7:26 | Peasant |
| 7:28 | Guard Tower |
| 7:33 | Guard Tower |
| 7:37 | Footman |
| 7:51 | Guard Tower |
| 7:58 | Peasant |
| 7:58 | Peasant |
| 8:02 | Scout Tower |
| 8:04 | Scout Tower |
| 8:05 | Guard Tower |
| 8:07 | Scout Tower |
| 8:08 | Peasant |
| 8:08 | Peasant |
| 8:15 | Imbued Masonry |
| 8:15 | Improved Lumber Harvesting |
| 8:19 | Arcane Sanctum |
| 8:28 | Peasant |
| 8:34 | Arcane Sanctum |
| 8:35 | Footman |
| 8:40 | Guard Tower |
| 8:41 | Guard Tower |
| 8:44 | Scout Tower |
| 8:45 | Peasant |
| 8:46 | Peasant |
| 8:46 | Peasant |
| 8:47 | Peasant |
| 9:02 | Castle |
| 9:09 | Guard Tower |
| 9:10 | Scout Tower |
| 9:15 | Scout Tower |
| 9:16 | Guard Tower |
| 9:32 | Farm |
| 9:33 | Farm |
| 9:38 | Blacksmith |
| 9:41 | Blacksmith |
| 9:43 | Priest Adept Training |
| 9:46 | Guard Tower |
| 9:59 | Arcane Sanctum |
| 10:00 | Sorceress Adept Training |
| 10:17 | Priest |
| 10:17 | Priest |
| 10:26 | Guard Tower |
| 10:27 | Scout Tower |
| 10:29 | Farm |
| 10:31 | Farm |
| 10:34 | Devotion Aura |
| 11:17 | Arcane Sanctum |
| 11:23 | Priest Master Training |
| 11:25 | Sorceress Master Training |
| 11:26 | Priest |
| 11:28 | Iron Forged Swords |
| 11:29 | Iron Plating |
| 11:31 | Blacksmith |
| 11:32 | Blacksmith |
| 11:33 | Advanced Lumber Harvesting |
| 11:36 | Peasant |
| 11:38 | Peasant |
| 11:38 | Peasant |
| 11:41 | Farm |
| 11:43 | Farm |
| 12:21 | Guard Tower |
| 12:22 | Scout Tower |
| 12:27 | Scout Tower |
| 12:33 | Priest |
| 12:36 | Farm |
| 12:41 | Workshop |
| 12:43 | Steel Plating |
| 12:44 | Steel Forged Swords |
| 12:47 | Studded Leather Armor |
| 12:47 | Reinforced Leather Armor |
| 13:15 | Priest |
| 13:18 | Guard Tower |
| 13:19 | Scout Tower |
| 13:21 | Scout Tower |
| 14:06 | Priest |
| 14:13 | Guard Tower |
| 14:16 | Town Hall |
| 14:20 | Scout Tower |
| 14:21 | Scout Tower |
| 14:22 | Scout Tower |
| 14:29 | Thunder Clap |
| 15:08 | Devotion Aura |
| 15:30 | Cannon Tower |
| 15:31 | Scout Tower |
| 15:31 | Scout Tower |
| 15:32 | Scout Tower |
| 15:41 | Priest |
| 15:43 | Mithril Plating |
| 16:07 | Storm Bolt |
| 16:14 | Cannon Tower |
| 16:15 | Scout Tower |
| 16:15 | Scout Tower |
| 16:16 | Scout Tower |
| 17:06 | Guard Tower |
| 17:09 | Peasant |
| 17:09 | Peasant |
| 17:09 | Peasant |
| 17:10 | Peasant |
| 17:12 | Peasant |
| 17:12 | Peasant |
| 17:12 | Peasant |
| 18:14 | Goblin Shredder |
| 18:33 | Town Hall |
| 18:55 | Guard Tower |
| 18:58 | Goblin Shredder |
| 19:17 | Thunder Clap |
| 19:21 | Scout Tower |
| 19:22 | Scout Tower |
| 19:23 | Scout Tower |
| 19:28 | Mithril Forged Swords |
| 19:30 | Dragonhide Armor |
| 19:30 | Black Gunpowder |
| 19:35 | Fragmentation Shards |
| 19:44 | Goblin Shredder |
| 19:44 | Goblin Shredder |
| 20:22 | Sundering Blades |
| 20:23 | Animal War Training |
| 20:27 | Barracks |
| 20:31 | Guard Tower |
| 20:32 | Scout Tower |
| 20:33 | Scout Tower |
| 20:34 | Scout Tower |
| 20:37 | Resurrection |
| 20:41 | Arcane Vault |
| 20:54 | Priest |
| 21:03 | Flak Cannons |
| 21:03 | Flying Machine Bombs |
| 21:05 | Refined Gunpowder |
| 21:13 | Guard Tower |
| 21:14 | Scout Tower |
| 21:15 | Guard Tower |
| 21:16 | Guard Tower |
| 21:16 | Scout Tower |
| 21:17 | Scout Tower |
| 21:20 | Scout Tower |
| 21:30 | Barracks |
| 21:31 | Barracks |
| 21:33 | Scroll of Town Portal |
| 21:42 | Orb of Fire |
| 21:56 | Scroll of Town Portal |
| 21:58 | Potion of Mana |
| 21:59 | Potion of Healing |
| 22:22 | Long Rifles |
| 22:28 | Knight |
| 22:31 | Imbued Gunpowder |
| 22:47 | Scout Tower |
| 22:48 | Scout Tower |
| 22:49 | Scout Tower |
| 22:50 | Scout Tower |
| 22:51 | Scout Tower |
| 22:55 | Cannon Tower |
| 22:56 | Scout Tower |
| 22:57 | Scout Tower |
| 22:58 | Scout Tower |
| 23:00 | Scout Tower |
| 23:14 | Scout Tower |
| 23:15 | Scout Tower |
| 23:21 | Cannon Tower |
| 23:22 | Scout Tower |
| 23:23 | Scout Tower |
| 23:24 | Scout Tower |
| 23:25 | Cannon Tower |
| 23:27 | Scout Tower |
| 23:30 | Cannon Tower |
| 23:34 | Cannon Tower |
| 23:37 | Guard Tower |
| 23:54 | Scout Tower |
| 23:55 | Cannon Tower |
| 23:58 | Cannon Tower |
| 25:11 | Cannon Tower |
| 25:22 | Knight |
| 25:24 | Priest |
| 25:33 | Cannon Tower |
| 25:35 | Scout Tower |
| 25:36 | Scout Tower |
| 25:41 | Potion of Healing |
| 25:41 | Potion of Healing |
| 25:52 | Potion of Mana |
| 26:07 | Scroll of Town Portal |
| 26:08 | Scroll of Town Portal |
| 26:26 | Storm Bolt |
| 27:29 | Thunder Clap |
| 27:36 | Priest |
| 27:37 | Knight |
| 27:45 | Cannon Tower |
| 27:47 | Scout Tower |
| 27:48 | Scout Tower |
| 27:50 | Scout Tower |
| 27:53 | Scout Tower |
| 27:55 | Scout Tower |
| 28:05 | Scroll of Town Portal |
| 28:06 | Potion of Healing |
| 28:06 | Orb of Fire |
| 28:14 | Potion of Mana |
| 28:15 | Potion of Healing |
| 28:28 | Cannon Tower |
| 28:30 | Cannon Tower |
| 28:35 | Guard Tower |
| 28:35 | Guard Tower |
| 28:36 | Guard Tower |
| 28:39 | Cannon Tower |
| 28:55 | Scout Tower |
| 28:56 | Scout Tower |
| 28:58 | Scout Tower |
| 29:17 | Scout Tower |
| 29:18 | Scout Tower |
| 29:19 | Scout Tower |
| 29:20 | Scout Tower |
| 29:22 | Scout Tower |
| 29:23 | Scout Tower |
| 29:26 | Scout Tower |
| 29:32 | Cannon Tower |
| 29:34 | Scout Tower |
| 29:36 | Scout Tower |
| 29:37 | Scout Tower |
| 29:57 | Cannon Tower |
| 30:03 | Guard Tower |
| 30:04 | Guard Tower |
| 30:10 | Guard Tower |
| 30:15 | Guard Tower |
| Select | 959 |
| Right click | 908 |
| Select group | 632 |
| Assign group | 301 |
| Build/train/purchase | 299 |
| Misc. action | 280 |
| Use ability | 86 |
| Chat | 58 |
| Resource trade | 23 |
| Esc | 10 |
| Item give/drop | 5 |
| Minimap ping | 1 |
200 units @ 30.4k
/ 5.1k
88 buildings @ 13k
/ 4.9k

| Healing Salve | 2 | 200 |
| Potion of Healing | 1 | 150 |
| Orb of Lightning | 1 | 375 |
| Scroll of Town Portal | 1 | 350 |
| total: | 5 | 1075g |
| Peon | 15 | 1125 | / | 0 |
| Troll Headhunter | 17 | 2380 | / | 340 |
| Demolisher | 4 | 880 | / | 200 |
| Troll Berserker | 38 | 5320 | / | 760 |
| total: | 74 | 9705g | / | 1300w |
| Altar of Storms | 1 | 180 | / | 50 |
| Barracks | 2 | 360 | / | 100 |
| Orc Burrow | 8 | 1280 | / | 320 |
| War Mill | 1 | 205 | / | 0 |
| Voodoo Lounge | 1 | 130 | / | 30 |
| Great Hall | 1 | 385 | / | 185 |
| Stronghold | 1 | 315 | / | 190 |
| Fortress | 1 | 325 | / | 190 |
| total: | 14 | 2540g | / | 685w |
| 0:03 | Peon |
| 0:04 | Peon |
| 0:04 | Peon |
| 0:04 | Peon |
| 0:05 | Peon |
| 0:24 | Altar of Storms |
| 0:39 | Barracks |
| 0:55 | Orc Burrow |
| 1:14 | War Mill |
| 2:01 | Orc Burrow |
| 2:03 | Peon |
| 2:03 | Peon |
| 2:04 | Peon |
| 2:33 | Voodoo Lounge |
| 2:41 | Troll Headhunter |
| 2:42 | Troll Headhunter |
| 2:50 | War Stomp |
| 3:02 | Orc Burrow |
| 3:10 | Peon |
| 3:10 | Peon |
| 3:12 | Steel Ranged Weapons |
| 3:22 | Troll Headhunter |
| 3:44 | Steel Armor |
| 3:54 | Troll Headhunter |
| 4:29 | Troll Headhunter |
| 4:35 | Stronghold |
| 4:44 | Troll Headhunter |
| 5:18 | Endurance Aura |
| 5:29 | Troll Headhunter |
| 5:29 | Troll Headhunter |
| 5:35 | Orc Burrow |
| 5:46 | Healing Salve |
| 6:15 | Troll Headhunter |
| 6:25 | Troll Headhunter |
| 6:38 | Orc Burrow |
| 6:41 | Troll Headhunter |
| 7:10 | Troll Regeneration |
| 7:13 | Thorium Ranged Weapons |
| 7:14 | Reinforced Defenses |
| 7:40 | Great Hall |
| 7:52 | Troll Headhunter |
| 8:22 | Endurance Aura |
| 9:11 | Fortress |
| 9:14 | Thorium Armor |
| 9:15 | Troll Headhunter |
| 9:15 | Troll Headhunter |
| 9:16 | Troll Headhunter |
| 10:21 | Demolisher |
| 10:22 | Troll Headhunter |
| 10:22 | Demolisher |
| 10:23 | Troll Headhunter |
| 10:34 | Spiked Barricades |
| 11:43 | Arcanite Ranged Weapons |
| 11:43 | Arcanite Armor |
| 12:04 | Berserker Upgrade |
| 12:14 | Peon |
| 12:14 | Peon |
| 12:15 | Peon |
| 12:15 | Peon |
| 12:16 | Peon |
| 12:57 | Orc Burrow |
| 13:01 | Orc Burrow |
| 13:05 | Burning Oil |
| 13:52 | War Stomp |
| 15:26 | Endurance Aura |
| 15:36 | Troll Berserker |
| 15:37 | Troll Berserker |
| 15:43 | Demolisher |
| 15:45 | Troll Berserker |
| 15:45 | Troll Berserker |
| 15:52 | Potion of Healing |
| 15:56 | Healing Salve |
| 16:00 | Scroll of Town Portal |
| 16:19 | Troll Berserker |
| 17:01 | Barracks |
| 17:15 | Troll Berserker |
| 17:33 | Orb of Lightning |
| 17:46 | Troll Berserker |
| 17:46 | Troll Berserker |
| 18:03 | Troll Berserker |
| 18:03 | Troll Berserker |
| 18:03 | Troll Berserker |
| 18:04 | Troll Berserker |
| 18:07 | Orc Burrow |
| 18:42 | Troll Berserker |
| 18:42 | Troll Berserker |
| 18:42 | Troll Berserker |
| 19:07 | Troll Berserker |
| 19:22 | Troll Berserker |
| 20:23 | Troll Berserker |
| 20:23 | Troll Berserker |
| 20:25 | Troll Berserker |
| 21:25 | Troll Berserker |
| 21:25 | Demolisher |
| 21:32 | Troll Berserker |
| 21:33 | Pillage |
| 22:08 | Troll Berserker |
| 22:09 | Troll Berserker |
| 23:33 | Troll Berserker |
| 23:33 | Troll Berserker |
| 25:12 | Troll Berserker |
| 25:12 | Troll Berserker |
| 26:48 | Troll Berserker |
| 26:48 | Troll Berserker |
| 26:48 | Troll Berserker |
| 26:48 | Troll Berserker |
| 27:21 | Troll Berserker |
| 27:21 | Troll Berserker |
| 28:42 | Troll Berserker |
| 28:43 | Troll Berserker |
| 28:43 | Troll Berserker |
| 28:44 | Troll Berserker |
| Misc. action | 585 |
| Select group | 501 |
| Select | 458 |
| Right click | 413 |
| Build/train/purchase | 130 |
| Assign group | 44 |
| Minimap ping | 13 |
| Use ability | 11 |
| Item give/drop | 4 |
runscx
(2)
(30:24) : 

| Scroll of Town Portal | 5 | 1750 |
| total: | 5 | 1750g |
| Peasant | 10 | 750 | / | 0 |
| Footman | 4 | 540 | / | 0 |
| Rifleman | 7 | 1435 | / | 210 |
| Mortar Team | 3 | 540 | / | 210 |
| Priest | 6 | 810 | / | 60 |
| Sorceress | 5 | 775 | / | 100 |
| Knight | 7 | 1715 | / | 420 |
| Siege Engine | 11 | 2145 | / | 660 |
| Flying Machine | 4 | 400 | / | 120 |
| total: | 57 | 9110g | / | 1780w |
| Scout Tower | 4 | 120 | / | 80 |
| Arcane Tower | 4 | 280 | / | 200 |
| Altar of Kings | 1 | 180 | / | 50 |
| Farm | 11 | 880 | / | 220 |
| Barracks | 1 | 160 | / | 60 |
| Blacksmith | 1 | 140 | / | 60 |
| Lumber Mill | 1 | 120 | / | 0 |
| Arcane Vault | 1 | 130 | / | 30 |
| Town Hall | 1 | 385 | / | 205 |
| Workshop | 1 | 140 | / | 140 |
| Arcane Sanctum | 1 | 150 | / | 140 |
| Keep | 1 | 320 | / | 210 |
| Castle | 1 | 360 | / | 210 |
| total: | 23 | 2405g | / | 985w |
| 0:05 | Peasant |
| 0:05 | Peasant |
| 0:11 | Altar of Kings |
| 0:18 | Farm |
| 0:28 | Barracks |
| 0:35 | Peasant |
| 0:46 | Peasant |
| 0:56 | Farm |
| 0:58 | Peasant |
| 1:07 | Peasant |
| 1:23 | Scout Tower |
| 1:26 | Peasant |
| 1:34 | Footman |
| 1:41 | Scout Tower |
| 2:01 | Peasant |
| 2:04 | Footman |
| 2:12 | Arcane Tower |
| 2:15 | Arcane Tower |
| 2:25 | Summon Water Elemental |
| 2:37 | Footman |
| 2:43 | Farm |
| 3:20 | Keep |
| 3:27 | Blacksmith |
| 3:46 | Footman |
| 3:49 | Farm |
| 3:55 | Lumber Mill |
| 4:30 | Farm |
| 4:46 | Arcane Vault |
| 4:48 | Rifleman |
| 5:15 | Black Gunpowder |
| 5:27 | Brilliance Aura |
| 5:31 | Rifleman |
| 6:07 | Workshop |
| 6:08 | Rifleman |
| 6:45 | Blizzard |
| 6:50 | Rifleman |
| 6:56 | Improved Lumber Harvesting |
| 7:00 | Arcane Sanctum |
| 7:13 | Mortar Team |
| 7:18 | Farm |
| 7:52 | Holy Light |
| 8:04 | Priest |
| 8:10 | Castle |
| 8:37 | Sorceress |
| 8:39 | Mortar Team |
| 9:47 | Priest |
| 9:48 | Rifleman |
| 9:59 | Farm |
| 10:24 | Mortar Team |
| 10:25 | Sorceress |
| 10:39 | Farm |
| 10:42 | Knight |
| 11:26 | Farm |
| 11:29 | Divine Shield |
| 11:52 | Advanced Lumber Harvesting |
| 11:55 | Knight |
| 12:06 | Sorceress |
| 12:23 | Scout Tower |
| 12:27 | Iron Forged Swords |
| 12:48 | Barrage |
| 12:53 | Arcane Tower |
| 13:01 | Scout Tower |
| 13:05 | Priest |
| 13:26 | Siege Engine |
| 13:28 | Sundering Blades |
| 13:32 | Studded Leather Armor |
| 13:43 | Arcane Tower |
| 14:46 | Brilliance Aura |
| 15:36 | Devotion Aura |
| 15:45 | Siege Engine |
| 15:51 | Priest Adept Training |
| 15:52 | Sorceress Adept Training |
| 15:54 | Animal War Training |
| 17:04 | Siege Engine |
| 17:11 | Scroll of Town Portal |
| 17:17 | Flak Cannons |
| 17:19 | Knight |
| 17:43 | Town Hall |
| 18:17 | Rifleman |
| 18:21 | Refined Gunpowder |
| 18:40 | Flying Machine |
| 19:01 | Flying Machine |
| 19:05 | Priest |
| 19:18 | Flying Machine |
| 19:32 | Flying Machine |
| 20:16 | Siege Engine |
| 20:36 | Rifleman |
| 20:37 | Priest |
| 20:54 | Scroll of Town Portal |
| 21:11 | Blizzard |
| 21:21 | Scroll of Town Portal |
| 21:44 | Peasant |
| 21:44 | Peasant |
| 22:20 | Siege Engine |
| 22:34 | Sorceress |
| 22:38 | Imbued Gunpowder |
| 23:19 | Siege Engine |
| 24:24 | Knight |
| 24:29 | Farm |
| 25:20 | Siege Engine |
| 25:24 | Farm |
| 25:28 | Siege Engine |
| 25:51 | Devotion Aura |
| 26:11 | Mass Teleport |
| 26:34 | Siege Engine |
| 27:12 | Siege Engine |
| 27:49 | Knight |
| 28:09 | Brilliance Aura |
| 28:52 | Knight |
| 28:54 | Priest |
| 29:05 | Siege Engine |
| 29:27 | Sorceress |
| 29:32 | Iron Plating |
| 29:36 | Knight |
| 29:39 | Priest Master Training |
| 30:00 | Scroll of Town Portal |
| 30:00 | Scroll of Town Portal |
| Select | 305 |
| Select group | 251 |
| Right click | 210 |
| Build/train/purchase | 115 |
| Assign group | 34 |
| Use ability | 31 |
| Misc. action | 17 |
| Resource trade | 15 |
| Minimap ping | 1 |



| Rod of Necromancy | 3 | 450 |
| Scroll of Town Portal | 2 | 700 |
| Healing Salve | 1 | 100 |
| total: | 6 | 1250g |
| Acolyte | 18 | 1350 | / | 0 |
| Ghoul | 4 | 480 | / | 0 |
| Frost Wyrm | 8 | 3080 | / | 960 |
| total: | 30 | 4910g | / | 960w |
| Nerubian Tower | 2 | 200 | / | 40 |
| Spirit Tower | 4 | 580 | / | 160 |
| Altar of Darkness | 2 | 360 | / | 100 |
| Graveyard | 1 | 215 | / | 0 |
| Ziggurat | 18 | 2700 | / | 900 |
| Tomb of Relics | 2 | 260 | / | 60 |
| Crypt | 1 | 200 | / | 50 |
| Necropolis | 1 | 225 | / | 0 |
| Sacrificial Pit | 1 | 75 | / | 150 |
| Slaughterhouse | 2 | 280 | / | 270 |
| Boneyard | 3 | 525 | / | 600 |
| Halls of the Dead | 1 | 320 | / | 210 |
| Black Citadel | 1 | 325 | / | 230 |
| total: | 31 | 4840g | / | 2130w |
| 0:07 | Acolyte |
| 0:07 | Acolyte |
| 0:13 | Altar of Darkness |
| 0:20 | Graveyard |
| 0:40 | Ziggurat |
| 0:53 | Tomb of Relics |
| 1:12 | Ziggurat |
| 1:27 | Acolyte |
| 1:31 | Nerubian Tower |
| 1:51 | Crypt |
| 2:22 | Summon Lava Spawn |
| 2:39 | Rod of Necromancy |
| 3:07 | Ghoul |
| 3:07 | Ghoul |
| 3:07 | Ghoul |
| 4:04 | Halls of the Dead |
| 4:14 | Soul Burn |
| 5:02 | Ziggurat |
| 5:04 | Ziggurat |
| 6:17 | Summon Lava Spawn |
| 6:42 | Rod of Necromancy |
| 6:44 | Black Citadel |
| 6:48 | Sacrificial Pit |
| 6:51 | Ziggurat |
| 6:53 | Ziggurat |
| 7:28 | Forked Lightning |
| 8:53 | Creature Attack |
| 8:54 | Creature Carapace |
| 9:09 | Acolyte |
| 9:09 | Acolyte |
| 9:09 | Acolyte |
| 9:10 | Acolyte |
| 9:10 | Acolyte |
| 9:14 | Boneyard |
| 9:19 | Boneyard |
| 9:21 | Boneyard |
| 9:32 | Healing Salve |
| 9:57 | Improved Creature Attack |
| 10:05 | Frost Arrows |
| 10:33 | Frost Wyrm |
| 10:37 | Frost Wyrm |
| 10:39 | Ghoul |
| 11:43 | Black Arrow |
| 11:50 | Frost Wyrm |
| 12:26 | Advanced Creature Attack |
| 12:53 | Spirit Tower |
| 12:55 | Spirit Tower |
| 13:56 | Freezing Breath |
| 14:25 | Soul Burn |
| 14:41 | Life Drain |
| 14:52 | Forked Lightning |
| 15:24 | Summon Lava Spawn |
| 16:42 | Frost Arrows |
| 17:01 | Frost Wyrm |
| 17:06 | Scroll of Town Portal |
| 17:06 | Rod of Necromancy |
| 17:11 | Frost Wyrm |
| 17:12 | Frost Wyrm |
| 17:14 | Acolyte |
| 17:15 | Acolyte |
| 17:15 | Acolyte |
| 17:15 | Acolyte |
| 17:15 | Acolyte |
| 17:19 | Acolyte |
| 17:26 | Black Arrow |
| 17:52 | Ziggurat |
| 18:00 | Ziggurat |
| 18:23 | Acolyte |
| 18:44 | Nerubian Tower |
| 18:52 | Spirit Tower |
| 18:54 | Improved Creature Carapace |
| 19:15 | Ziggurat |
| 20:41 | Spirit Tower |
| 20:55 | Life Drain |
| 21:12 | Scroll of Town Portal |
| 21:49 | Forked Lightning |
| 21:53 | Frost Wyrm |
| 21:54 | Frost Wyrm |
| 22:02 | Ziggurat |
| 22:08 | Slaughterhouse |
| 22:10 | Slaughterhouse |
| 22:14 | Ziggurat |
| 23:53 | Volcano |
| 26:27 | Necropolis |
| 28:02 | Acolyte |
| 28:02 | Acolyte |
| 28:02 | Acolyte |
| 28:05 | Altar of Darkness |
| 28:07 | Ziggurat |
| 28:09 | Ziggurat |
| 28:11 | Ziggurat |
| 28:14 | Ziggurat |
| 28:16 | Ziggurat |
| 28:17 | Ziggurat |
| 28:18 | Ziggurat |
| 28:23 | Tomb of Relics |
| Right click | 922 |
| Select | 380 |
| Select group | 256 |
| Misc. action | 165 |
| Build/train/purchase | 122 |
| Use ability | 30 |
| Assign group | 27 |
| Minimap ping | 25 |
| Item give/drop | 1 |
| Remove unit | 1 |


| Rod of Necromancy | 2 | 300 |
| Scroll of Town Portal | 2 | 700 |
| total: | 4 | 1000g |
| Acolyte | 8 | 600 | / | 0 |
| Ghoul | 3 | 360 | / | 0 |
| Crypt Fiend | 20 | 4300 | / | 800 |
| Obsidian Statue | 4 | 800 | / | 140 |
| Necromancer | 4 | 580 | / | 80 |
| total: | 39 | 6640g | / | 1020w |
| Nerubian Tower | 3 | 300 | / | 60 |
| Spirit Tower | 2 | 290 | / | 80 |
| Ziggurat | 11 | 1650 | / | 550 |
| Altar of Darkness | 1 | 180 | / | 50 |
| Crypt | 2 | 400 | / | 100 |
| Graveyard | 1 | 215 | / | 0 |
| Tomb of Relics | 1 | 130 | / | 30 |
| Necropolis | 1 | 225 | / | 0 |
| Slaughterhouse | 1 | 140 | / | 135 |
| Temple of the Damned | 2 | 310 | / | 280 |
| Halls of the Dead | 1 | 320 | / | 210 |
| Black Citadel | 1 | 325 | / | 230 |
| total: | 20 | 3250g | / | 1145w |
| 0:04 | Acolyte |
| 0:04 | Acolyte |
| 0:18 | Ziggurat |
| 0:27 | Altar of Darkness |
| 0:36 | Crypt |
| 0:45 | Acolyte |
| 1:12 | Graveyard |
| 1:36 | Tomb of Relics |
| 1:41 | Ghoul |
| 1:55 | Ziggurat |
| 2:01 | Ghoul |
| 2:14 | Ghoul |
| 2:43 | Creature Carapace |
| 2:45 | Rod of Necromancy |
| 2:57 | Frost Nova |
| 3:05 | Crypt |
| 4:05 | Ziggurat |
| 4:08 | Crypt Fiend |
| 4:12 | Crypt Fiend |
| 4:42 | Dark Ritual |
| 4:59 | Crypt Fiend |
| 5:42 | Crypt Fiend |
| 5:44 | Crypt Fiend |
| 5:57 | Creature Attack |
| 6:20 | Frost Nova |
| 6:25 | Crypt Fiend |
| 6:59 | Ziggurat |
| 7:03 | Halls of the Dead |
| 7:17 | Rod of Necromancy |
| 7:42 | Ziggurat |
| 8:05 | Ziggurat |
| 8:08 | Ziggurat |
| 9:19 | Crypt Fiend |
| 9:20 | Crypt Fiend |
| 9:53 | Burrow |
| 9:54 | Web |
| 9:56 | Improved Creature Carapace |
| 9:57 | Improved Creature Attack |
| 10:03 | Acolyte |
| 10:03 | Acolyte |
| 10:05 | Acolyte |
| 10:15 | Slaughterhouse |
| 10:30 | Temple of the Damned |
| 10:35 | Temple of the Damned |
| 11:10 | Advanced Creature Attack |
| 11:15 | Nerubian Tower |
| 11:16 | Spirit Tower |
| 11:18 | Ziggurat |
| 11:25 | Frost Armor |
| 11:43 | Ziggurat |
| 11:51 | Black Citadel |
| 12:18 | Obsidian Statue |
| 12:18 | Obsidian Statue |
| 12:22 | Necromancer Adept Training |
| 12:22 | Banshee Adept Training |
| 12:57 | Necromancer |
| 12:58 | Necromancer |
| 13:46 | Black Arrow |
| 13:54 | Crypt Fiend |
| 13:55 | Crypt Fiend |
| 14:25 | Crypt Fiend |
| 14:25 | Crypt Fiend |
| 15:09 | Crypt Fiend |
| 16:01 | Crypt Fiend |
| 16:01 | Crypt Fiend |
| 16:01 | Crypt Fiend |
| 16:29 | Obsidian Statue |
| 17:29 | Advanced Creature Carapace |
| 17:34 | Necromancer Master Training |
| 17:37 | Obsidian Statue |
| 17:59 | Spirit Tower |
| 18:00 | Nerubian Tower |
| 18:01 | Nerubian Tower |
| 18:04 | Crypt Fiend |
| 18:26 | Necromancer |
| 18:27 | Necromancer |
| 18:52 | Crypt Fiend |
| 19:13 | Crypt Fiend |
| 19:37 | Ziggurat |
| 20:15 | Acolyte |
| 20:42 | Crypt Fiend |
| 21:43 | Scroll of Town Portal |
| 22:42 | Ziggurat |
| 23:04 | Frost Nova |
| 23:12 | Scroll of Town Portal |
| 23:35 | Silence |
| 23:45 | Acolyte |
| 26:02 | Necropolis |
| 26:11 | Death and Decay |
| 26:49 | Black Arrow |
| 27:32 | Black Arrow |
| 29:46 | Silence |
| 29:58 | Dark Ritual |
| Right click | 383 |
| Select | 203 |
| Select group | 187 |
| Build/train/purchase | 117 |
| Use ability | 59 |
| Assign group | 34 |
| Item give/drop | 1 |
| Remove unit | 1 |
⇛